 Dungeon Crawl Stone Soup version 0.29-a0-802-g34511f41fd (webtiles) character file.

Game seed: 1487402233397332999

1381 avis the Chiller (level 8, -1/55 HPs)
             Began as an Octopode Ice Elementalist on July 3, 2022.
             Was a Follower of Cheibriados.
             Killed from afar by Maggie (19 damage)
             ... with a bolt of fire
             ... on level 6 of the Dungeon.
             The game lasted 00:40:57 (7071 turns).

avis the Chiller (Octopode Ice Elementalist)        Turns: 7071, Time: 00:40:57

Health: -1/55      AC:  8    Str: 11    XL:     8   Next: 67%
Magic:  7/14       EV: 14    Int: 26    God:    Cheibriados [*.....]
Gold:   388        SH:  0    Dex: 17    Spells: 6/15 levels left

rFire   . . .      SeeInvis .   a - +1 dagger (protect)
rCold   + . .      Faith    .   (no shield)
rNeg    . . .      Spirit   .   g - +0 hat
rPois   .          Reflect  .   (no amulet)
rElec   .          Harm     .   j - ring of protection from cold
rCorr   .          Rampage  .   w - +6 ring of intelligence
Will    .....                   (no ring)
Stlth   ++++......              (no ring)
HPRegen 0.18/turn               (no ring)
MPRegen 0.14/turn               (no ring)
                                (no ring)
                                (no ring)

@: ice-armoured, mesmerised, very slow
A: almost no armour, amphibious, 8 rings, camouflage 1, gelatinous body 1,
(nimble swimmer 1), tentacles
a: Renounce Religion, Bend Time


You were on level 6 of the Dungeon.
You worshipped Cheibriados.
Cheibriados was aware of your devotion.
You visited 2 branches of the dungeon, and saw 7 of its levels.

You collected 388 gold pieces.

Inventory:

Hand Weapons
 a - a +1 dagger of protection (weapon)
 b - a +0 shortbow
 q - a +0 short sword of protection
 G - a +0 sling
Missiles
 f - 5 poisoned darts
 m - 3 boomerangs
Armour
 g - a +0 hat (worn)
 o - a +0 buckler
Jewellery
 j - a ring of protection from cold (left tentacle)
 w - a +6 ring of intelligence (right tentacle)
 C - an amulet of magic regeneration
Wands
 n - a wand of light (11)
 B - a wand of roots (8)
 H - a wand of paralysis (9)
Scrolls
 c - 2 scrolls of teleportation {unknown}
 e - 2 scrolls of poison {unknown}
 i - a scroll of immolation {unknown}
 k - 3 scrolls of vulnerability {unknown}
 r - 2 scrolls of enchant armour {unknown}
 x - a scroll of fog {unknown}
 y - 3 scrolls of identify
 D - a scroll of magic mapping {unknown}
 E - a scroll of torment {unknown}
Potions
 d - 2 potions of curing
 h - a potion of invisibility
 l - 2 potions of lignification
 p - 2 potions of cancellation
 s - a potion of might
 u - a potion of magic
 v - 2 potions of attraction {unknown}
 z - a potion of haste
 A - a potion of degeneration {unknown}
 F - a potion of flight {unknown}


   Skills:
 - Level 5.0 Fighting
 * Level 3.8 Ranged Weapons
 - Level 3.0 Dodging
 - Level 6.0 Stealth
 - Level 4.0 Spellcasting
 - Level 6.0 Ice Magic
 - Level 3.0 Invocations


You had 6 spell levels left.
You knew the following spells:

 Your Spells              Type           Power      Damage    Failure   Level
a - Freeze                Ice            100%       1d11      1%          1
c - Passwall              Tmut/Erth      4%         N/A       13%         2
o - Ozocubu's Armour      Ice            36%        N/A       2%          3
r - Frozen Ramparts       Ice            72%        1d9       2%          3

Your spell library contained the following spells:

 Spells                   Type           Power      Damage    Failure   Level
 Ensorcelled Hibernation  Hex/Ice        40%        N/A       3%          2
 Scorch                   Fire           10%        2d6       13%         2
 Hailstorm                Conj/Ice       20%        3d6       24%         4
 Swiftness                Air            5%         N/A       26%         3
 Airstrike                Air            2%         0-2+      63%         4
 Flame Wave               Conj/Fire      5%         2d5       63%         4
 Summon Lightning Spire   Summ/Air       5%         N/A       63%         4
 Lightning Bolt           Conj/Air       2%         1d14      93%         5
 Summon Cactus Giant      Summ           2%         N/A       100%        6


Dungeon Overview and Level Annotations

Branches:
Dungeon (6/15)             Temple (1/1) D:4

Altars:
Ashenzari
Cheibriados
Dithmenos
Elyvilon
Fedhas
Gozag
Kikubaaqudgha
Makhleb
Nemelex Xobeh
Okawaru
Ru
Trog
Wu Jian
Yredelemnul
The Shining One

Annotations:
D:5 3 runed translucent doors, Dordric's ghost, novice TrWr; blackman's ghost, amateur HuDe; frimble's ghost, amateur MiMo; nicolae's ghost, novice DrTm; zhov's ghost, novice SpHu
D:6 Maggie


Innate Abilities, Weirdness & Mutations

You cannot wear most types of armour.
You are amphibious.
You can wear up to eight rings at the same time.
Your skin changes colour to match your surroundings (Stealth+).
Your rubbery body absorbs attacks. (AC +1, EV +1)
((You are camouflaged when in or above water. (Stealth+)))
You have tentacles for arms and can constrict up to eight enemies at once.


Message History

Casting: Ozocubu's Armour (dangerous; 2% risk of failure)
Confirm with . or Enter, or press ? or * to list all spells.
Aiming: Freeze (safe; 1% risk of failure)
Press: ? - help, Shift-Dir - straight line, f/p - Maggie
Aim: Maggie, wielding a +0 morningstar of pain and wearing +0 acid dragon scales (lightly wounded, constricted by you, mesmerising)
You freeze Maggie.
Maggie is lightly wounded.
You constrict Maggie.
Maggie points at you and mumbles some strange words.
The bolt of fire misses you.
You barely miss Maggie.
Maggie is lightly wounded.
You constrict Maggie.
Maggie casts a spell.
Maggie draws you further into her thrall.
Casting: Freeze (safe; 1% risk of failure)
Confirm with . or Enter, or press ? or * to list all spells.
Aiming: Freeze (safe; 1% risk of failure)
Press: ? - help, Shift-Dir - straight line, f/p - Maggie
Aim: Maggie, wielding a +0 morningstar of pain and wearing +0 acid dragon scales (lightly wounded, constricted by you, mesmerising)
You freeze Maggie.
Maggie is lightly wounded.
You constrict Maggie, but do no damage.
Maggie hits you with a +0 morningstar of pain!
You writhe in agony.
You barely miss Maggie. You squeeze Maggie, but do no damage.
Maggie is lightly wounded.
You constrict Maggie.
Maggie hits you with a +0 morningstar of pain!
Casting: Freeze (safe; 1% risk of failure)
Confirm with . or Enter, or press ? or * to list all spells.
Aiming: Freeze (safe; 1% risk of failure)
Press: ? - help, Shift-Dir - straight line, f/p - Maggie
Aim: Maggie, wielding a +0 morningstar of pain and wearing +0 acid dragon scales (lightly wounded, constricted by you, mesmerising)
You freeze Maggie.
Maggie is moderately wounded.
You constrict Maggie, but do no damage. Maggie gestures at you while chanting.
The bolt of fire hits you!!
You die...

#.###.###.#
##...........
#.# #.#
#.######.##.
#.# #.# #.#
#.#.. #.# #.#
#+# #.#.#
#.###.###.#
#...#
#.........#
###.#
#####.#####
#.# ##...####
####.#
#.....@@+
+....#
##...####
####.# ##.##
#.. #......#
#.# #.##.#.#
#.# # #.#.#
#.# #@# # #.#
..# #.. ...
###


You could see Maggie (mesmerising).

Vanquished Creatures
  Grinder (D:4)
  An orc warrior (D:6)
  2 black bears (D:4)
  2 ogres
  Blork the orc (D:6)
  2 scorpions
  A jelly (D:6)
  3 hounds
  A gnoll bouda (D:6)
  An orc priest (D:6)
  2 iguanas
  An orc wizard (D:6)
  12 gnolls
  9 adders
  A worm (D:4)
  4 dart slugs
  10 orcs
  6 ball pythons
  6 endoplasms
  3 giant cockroaches
  4 goblins
  A hobgoblin (D:4)
  4 jackals (D:2)
  6 kobolds
  2 quokkas (D:1)
  5 bats
  2 frilled lizards
  6 rats
99 creatures vanquished.

Notes
Turn   | Place    | Note
-------+----------+-------------------------------------------
     0 | D:1      | avis the Octopode Ice Elementalist began the quest for the
                  | Orb.
     0 | D:1      | Reached XP level 1. HP: 11/11 MP: 3/3
   190 | D:1      | Reached skill level 1 in Fighting
   301 | D:1      | Reached XP level 2. HP: 18/18 MP: 0/5
  1425 | D:2      | Reached XP level 3. HP: 4/25 MP: 2/6
  1687 | D:2      | Learned a level 3 spell: Ozocubu's Armour
  2194 | D:2      | Reached XP level 4. HP: 29/30 MP: 1/7
  2672 | D:2      | Found a faded altar of an unknown god.
  2673 | D:2      | Identified the +2 leather armour "Gauppof" {*Slow rElec
                  | rPois Regen+}
  3040 | D:3      | Reached skill level 5 in Stealth
  3048 | D:3      | Reached XP level 5. HP: 23/36 MP: 4/8
  3161 | D:3      | Learned a level 3 spell: Frozen Ramparts
  3424 | D:4      | Noticed a black bear
  3538 | D:4      | Killed a black bear
  3539 | D:4      | Reached skill level 5 in Ice Magic
  3539 | D:4      | Reached XP level 6. HP: 38/42 MP: 1/10
  3766 | D:4      | Noticed a black bear
  3830 | D:4      | Killed a black bear
  4015 | D:4      | Found a staircase to the Ecumenical Temple.
  4024 | Temple   | Entered the Ecumenical Temple
  4099 | Temple   | Became a worshipper of Cheibriados the Contemplative
  4129 | D:4      | Reached XP level 7. HP: 37/48 MP: 6/11
  4409 | D:4      | Noticed Grinder
  4423 | D:4      | Killed Grinder
  4736 | D:5      | Entered Level 5 of the Dungeon
  4830 | D:5      | Reached skill level 5 in Fighting
  4954 | D:5      | Reached skill level 1 in Invocations
  5043 | D:5      | Reached XP level 8. HP: 55/55 MP: 6/12
  5134 | D:5      | Found a runed translucent gate.
  5134 | D:5      | Found a runed translucent gate.
  5134 | D:5      | Found a runed translucent gate.
  5136 | D:5      | Noticed frimble's ghost (amateur MiMo)
  5136 | D:5      | Noticed nicolae's ghost (novice DrTm)
  5136 | D:5      | Noticed blackman's ghost (amateur HuDe)
  5136 | D:5      | Noticed Dordric's ghost (novice TrWr)
  5136 | D:5      | Noticed zhov's ghost (novice SpHu)
  5192 | D:5      | Found an opulent altar of Gozag.
  5381 | D:5      | Learned a level 2 spell: Passwall
  5433 | D:6      | Reached * piety under Cheibriados
  5814 | D:6      | Noticed Blork the orc
  5827 | D:6      | Killed Blork the orc
  5828 | D:6      | Reached skill level 1 in Ranged Weapons
  7052 | D:6      | Noticed Maggie
  7071 | D:6      | Killed from afar by Maggie

Illustrated notes

Levels and vault maps discovered:
D:1:      matt_arrival_grand_opening, layout_basic
D:2:      layout_basic, shapermc_ecumenical_altar_mp_vishouse,
          minmay_octomino_e4
D:3:      layout_rooms, minmay_misc_feat_cross
D:4:      layout_cave_pools, minmay_temple_entry_antechambers, minmay_bent,
          uniq_grinder
D:5:      layout_rooms, nicolae_gozag_seed_capital, gammafunk_ghost_cemetery
D:6:      layout_loops_corners, lemuel_round_altar, kennysheep_nondescript,
          uniq_blork_the_orc, uniq_menkaure, uniq_maggie
Temple:   zaba_magenta_temple

Skill      XL: |  1  2  3  4  5  6  7  8 |
---------------+-------------------------+-----
Fighting       | 1 2 3 4 5 |  5.0
Stealth        | 3 4 5 6 |  6.0
Spellcasting   | 3 4 |  4.0
Ice Magic      | 5 6 |  6.0
Dodging        | 3 |  3.0
Invocations    | 1 3 |  3.0
Ranged Weapons | 3 |  3.8

Action                   |  1- 3 |  4- 6 |  7- 9 || total
-------------------------+-------+-------+-------++-------
Melee: Short sword       |     2 |    48 |     9 ||    59
       Constrict         |     1 |    12 |    16 ||    29
       Tentacles         |       |     9 |    23 ||    32
       Dagger            |       |       |    42 ||    42
 Fire: Shortbow          |       |       |    26 ||    26
       Sling             |       |       |    24 ||    24
 Cast: Freeze            |    43 |    30 |    38 ||   111
       Ozocubu's Armour  |     4 |     8 |    16 ||    28
       Frozen Ramparts   |       |     1 |     1 ||     2
  Use: Scroll            |       |     6 |     1 ||     7
       Potion            |       |       |     3 ||     3
 Stab: Sleeping          |     2 |    16 |     7 ||    25
Armor: Skin              |     4 |    23 |    16 ||    43
Dodge: Dodged            |    24 |    41 |    79 ||   144
Block: Buckler           |       |    10 |     6 ||    16

Table legend: (Time is in decaauts)
 A = Elapsed time spent in this place.
 B = Non-inter-level travel time spent in this place.
 C = Inter-level travel time spent in this place.
 D = Time resting spent in this place.
 E = Time spent auto-exploring this place.
 F = Levels seen in this place.
 G = Mean time per level.
                   A        B        C        D        E       F      G
               +--------+--------+--------+--------+--------+-----+--------+
         Total |   7526 |   7045 |    481 |   2968 |   2670 |   7 | 1075.1 |
       Dungeon |   7440 |   6981 |    459 |   2968 |   2620 |   6 | 1240.0 |
        Temple |     86 |     65 |     21 |      0 |     50 |   1 |   86.0 |
               +--------+--------+--------+--------+--------+-----+--------+

Top non-repeatable levels by time:
     D:6: 1824 daAuts
     D:4: 1436 daAuts
     D:2: 1403 daAuts
     D:1: 1392 daAuts
     D:5: 751 daAuts
     D:3: 631 daAuts
  Temple: 86 daAuts
